AoeStats
← LM | TornardoBriese

Arabia

507919245Analyzed
1v1 RM · 11d ago on Sep 20, 2026· 47m 57s· 2 players
Game mode
Random Map
Map size
Tiny (2 player)
Population
200
Speed
Normal
Resources
Standard
Victory
Conquest
Starting age
Dark Age
Ending age
Imperial Age
RankedLock teamsTeams togetherTeam positionsShared explorationLock speedFull tech treeHidden civsTurbo modeCheats
Victory
Defeat
🇬🇷 Byzantines · Greece
1180
+15
🇨🇭 Japanese · Switzerland
1164
-15
LM | TornardoBriese
6:44 Loom
9:25 Feudal Age
10:53 Double-Bit Axe
10:37 Man-at-Arms
19:06 Padded Archer Armor
20:15 Fletching
24:08 Castle Age
22:33 Horse Collar
23:36 Wheelbarrow
23:28 Gold Mining
27:23 Bow Saw
28:06 Elite Skirmisher
31:44 Heavy Plow
32:05 Squires
34:50 Scale Mail Armor
34:47 Bodkin Arrow
35:31 Forging
34:51 Pikeman
36:47 Arson
41:54 Imperial Age
40:20 Chain Mail Armor
42:37 Iron Casting
42:02 Town Watch
43:07 Conscription
44:17 Plate Mail Armor
44:23 Bodkin Arrow
46:10 Leather Archer Armor
46:08 Bracer
47:15 Conscription
48:15 Chemistry
47:52 Thumb Ring
Spercules
5:55 Loom
8:49 Feudal Age
10:13 Double-Bit Axe
16:05 Fletching
16:16 Padded Archer Armor
21:47 Castle Age
20:12 Horse Collar
20:25 Gold Mining
21:26 Scale Barding Armor
22:42 Husbandry
23:29 Wheelbarrow
26:29 Bow Saw
26:42 Elite Skirmisher
28:18 Heavy Plow
28:43 Hand Cart
30:17 Thumb Ring
30:53 Fervor
30:58 Stone Mining
31:55 Sanctity
32:03 Forging
33:13 Light Cavalry
36:38 Bodkin Arrow
40:22 Imperial Age
37:24 Crossbowman
39:37 Leather Archer Armor
41:10 Ballistics
40:30 Treadmill Crane
41:33 Conscription
42:44 Chemistry
42:16 Bracer
42:47 Ring Archer Armor
44:28 Chain Barding Armor
44:43 Iron Casting
45:01 Hoardings
47:04 Hussar
Connection lost

Rejoining the realm…

Still unreachable

The connection could not be restored.

Session expired

The server has moved on; the page needs a fresh start.